 Dungeon Crawl Stone Soup version 0.30-a0-465-g8901f6c8b5 (webtiles) character file.

Game seed: 1178733992806858679

200 gelatine the Chopper (level 5, 0/39 HPs)
             Began as a Demonspawn Gladiator on Dec 17, 2022.
             Slain by Grinder (8 damage)
             ... on level 3 of the Dungeon.
             The game lasted 00:04:44 (2056 turns).

gelatine the Chopper (Demonspawn Gladiator)         Turns: 2056, Time: 00:04:45

Health: 0/39       AC:  4    Str: 16    XL:     5   Next: 48%
Magic:  5/5        EV:  8    Int: 10    God:
Gold:   137        SH:  7    Dex: 14    Spells: 4/4 levels left

rFire   . . .      SeeInvis .    a - +0 war axe
rCold   . . .      Faith    .    f - +0 kite shield
rNeg    . . .      Spirit   .    b - +0 leather armour
rPois   .          Reflect  .    c - +0 helmet
rElec   .          Harm     .    y - scarf {shadows}
rCorr   +          Rampage  .    (no gloves)
Will    .....                    (no boots)
Stlth   +.........               j - amulet of magic regeneration
HPRegen 0.26/turn                t - ring of resist corrosion
MPRegen 0.49/turn                (no ring)

@: grasped by roots, constricted
A: claws 2, foul stench 1
a: no special abilities


You were on level 3 of the Dungeon.
You visited 1 branch of the dungeon, and saw 3 of its levels.

You collected 137 gold pieces.

Inventory:

Hand Weapons
 a - a +0 war axe (weapon)
Missiles
 d - 3 throwing nets
 e - a javelin
 q - a boomerang (quivered)
Armour
 b - a +0 leather armour (worn)
 c - a +0 helmet (worn)
 f - a +0 kite shield (worn)
 p - a +0 pair of gloves
 y - a scarf of shadows (worn)
 A - a +0 plate armour
Magical Staves
 v - a staff of air
Jewellery
 j - an amulet of magic regeneration (around neck)
 t - a ring of resist corrosion (left claw)
 x - a ring of fire
Wands
 w - a wand of roots (12)
Scrolls
 g - a scroll of torment {unknown}
 h - 2 scrolls of identify {unknown}
 i - 3 scrolls of magic mapping {unknown}
 k - a scroll of summoning {unknown}
 l - a scroll of teleportation {unknown}
 m - a scroll of noise {unknown}
 n - 2 scrolls of brand weapon {unknown}
 z - a scroll of enchant weapon {unknown}
Potions
 o - 2 potions of curing {unknown}
 r - 3 potions of might {unknown}
 s - a potion of flight {unknown}
 u - 2 potions of mutation {unknown}


   Skills:
 + Level 2.4 Fighting
 + Level 4.0 Axes
 + Level 2.5 Throwing
 + Level 1.3 Armour
 + Level 3.5 Dodging
 + Level 0.4 Stealth
 + Level 1.0 Shields


You had 4 spell levels left.
You didn't know any spells.
Your spell library was empty.

Dungeon Overview and Level Annotations

Branches:
Dungeon (3/15)

Altars:

Annotations:
D:3 Grinder


Innate Abilities, Weirdness & Mutations

You have very sharp fingernails.
You may rarely emit foul miasma when damaged in melee.


Message History

Grinder zaps a wand.
The roots erupt in riotous growth!
The adder is unaffected.
The grasping roots grab you! The grasping roots constrict you!
The adder closely misses you.
You hear an angry hiss.
You closely miss the adder. The adder completely misses you.
An adder comes into view.
The grasping roots constrict you. You block the adder's attack.
The grasping roots release their grip on you.
You hit the adder but do no damage. The adder barely misses you.
The adder completely misses you.
You slash the adder!
You kill the adder!
Grinder blinks!
Your Shields skill increases to level 1!
The adder completely misses you.
Grinder blinks!
The adder barely misses you.
You miss the adder. The adder bites you. You block Grinder's attack.
The adder barely misses you.
You closely miss Grinder. You hit the adder. The adder barely misses you.
Grinder hits you.
You hit Grinder.
Grinder is lightly wounded.
You miss the adder. The adder bites you but does no damage.
Grinder blinks!
You block the adder's attack. The adder closely misses you.
You block the adder's attack. Grinder barely misses you.
You barely miss Grinder.
Grinder is lightly wounded.
You barely miss the adder. The adder closely misses you.
Grinder zaps a wand.
The roots erupt in riotous growth!
The grasping roots grab you!
Grinder is unaffected.
The adder is unaffected.
The grasping roots constrict you.
You hit Grinder but do no damage.
Grinder is lightly wounded.
You miss the adder. The adder bites you but does no damage. Grinder hits you!
The grasping roots constrict you.
* * * LOW HITPOINT WARNING * * *
You block the adder's attack. Grinder hits you!
You die...

########## #######
##...@....######......
#...5S................
#.#..####'#######'####
# #.# #.....###.....##
... ##.....###.....#
###. ##.....###..... .
##.....###....
##.....###... #>...#
###'### ##..


You could see Grinder and an adder.

Vanquished Creatures
  A black bear (D:3)
  3 adders
  2 worms (D:2)
  A dart slug (D:3)
  8 endoplasms
  2 giant cockroaches
  3 goblins
  14 hobgoblins
  3 jackals (D:2)
  6 quokkas
  7 ball pythons
  3 bats
  2 frilled lizards (D:2)
  7 kobolds
  4 rats (D:1)
66 creatures vanquished.

Notes
Turn   | Place    | Note
-------+----------+-------------------------------------------
     0 | D:1      | gelatine the Demonspawn Gladiator began the quest for the
                  | Orb.
     0 | D:1      | Reached XP level 1. HP: 16/16 MP: 1/1
    94 | D:1      | Reached skill level 3 in Axes
   134 | D:1      | Gained mutation: You may rarely emit foul miasma when
                  | damaged in melee. [demonic ancestry]
   134 | D:1      | Reached XP level 2. HP: 22/22 MP: 2/2
   660 | D:1      | Gained mutation: You have sharp fingernails. [demonic
                  | ancestry]
   660 | D:1      | Reached XP level 3. HP: 20/27 MP: 3/3
   730 | D:1      | Found a faded altar of an unknown god.
  1460 | D:2      | Gained mutation: You have very sharp fingernails. [demonic
                  | ancestry]
  1460 | D:2      | Reached XP level 4. HP: 33/33 MP: 4/4
  1981 | D:3      | Reached skill level 1 in Armour
  1987 | D:3      | Noticed a black bear
  1994 | D:3      | Killed a black bear
  1995 | D:3      | Reached skill level 4 in Axes
  1995 | D:3      | Reached XP level 5. HP: 32/39 MP: 5/5
  2045 | D:3      | Noticed Grinder
  2050 | D:3      | Reached skill level 1 in Shields
  2056 | D:3      | Slain by Grinder

Illustrated notes

Levels and vault maps discovered:
D:1:      amcnicky_arrival_single_pillar, layout_loops_cross,
          hellmonk_ecumenical_altar_prayer_group
D:2:      layout_loops_corners
D:3:      layout_basic, minmay_fountain_box, minmay_quadrilaterals, uniq_grinder

Skill      XL: |  1  2  3  4  5 |
---------------+----------------+-----
Axes           | 3 4 |  4.0
Dodging        | 3 |  3.5
Throwing       | 2 |  2.5
Armour         | 1 |  1.3
Shields        | 1 |  1.0
Fighting       | |  2.4
Stealth        | |  0.4

Action                   |  1- 3 |  4- 6 || total
-------------------------+-------+-------++-------
Melee: War axe           |   123 |    28 ||   151
Throw: Throwing net      |     1 |       ||     1
       Boomerang         |    25 |    13 ||    38
 Stab: Sleeping          |     1 |       ||     1
Armor: Leather armour    |    54 |    12 ||    66
Dodge: Dodged            |    65 |    24 ||    89
Block: Kite shield       |    31 |    16 ||    47

Table legend: (Time is in decaauts)
 A = Elapsed time spent in this place.
 B = Non-inter-level travel time spent in this place.
 C = Inter-level travel time spent in this place.
 D = Time resting spent in this place.
 E = Time spent auto-exploring this place.
 F = Levels seen in this place.
 G = Mean time per level.
                   A        B        C        D        E       F      G
               +--------+--------+--------+--------+--------+-----+--------+
         Total |   2144 |   2107 |     37 |      0 |   1560 |   3 |  714.7 |
       Dungeon |   2144 |   2107 |     37 |      0 |   1560 |   3 |  714.7 |
               +--------+--------+--------+--------+--------+-----+--------+

Top non-repeatable levels by time:
     D:1: 882 daAuts
     D:2: 862 daAuts
     D:3: 399 daAuts
